[Event "SVK-ch GM 2018"]
[Site "Banska Stiavnica"]
[Date "2018.07.07"]
[Round "1"]
[White "Repka, Christopher"]
[Black "Petrik, Tomas"]
[Result "1/2-1/2"]
[ECO "A05"]
[WhiteElo "2519"]
[BlackElo "2470"]
[Annotator "ChessBase"]
[PlyCount "146"]
[EventDate "2018.07.07"]
[EventType "tourn"]
[EventCountry "SVK"]
[SourceTitle "playchess.com"]
[Source "ChessBase"]
[SourceQuality "1"]
[TimeControl "40/5400+30:1800+30"]

1. Nf3 Nf6 2. g3 d5 3. Bg2 e6 4. O-O Be7 5. d3 c5 6. Nbd2 Nc6 7. e4 O-O 8. e5 Nd7 9. Re1 b5 10. c4 bxc4 11. dxc4 Nb6 12. b3 a5 13. Ba3 Nb4 14. Bf1 Bb7 15. Bxb4 axb4 16. Qc2 dxc4 17. Bxc4 Nxc4 18. Qxc4 Qd5 19. Qg4 f5 20. exf6 Bxf6 21. Rad1 Rxa2 22. Ne4 Bd4 23. Nxd4 cxd4 24. f3 h6 25. Rd2 Raa8 26. Rc2 Rac8 27. Rxc8 Bxc8 28. Nd2 Bd7 29. Qe4 Qc5 30. Nc4 Rf5 31. Kg2 Bc6 32. Qxe6+ Kh7 33. Re5 Bxf3+ 34. Kf2 Bg4+ 35. Rxf5 Bxf5 36. Qe5 Qxe5 37. Nxe5 Be6 38. Nc6 Bxb3 39. Nxb4 Ba4 40. Kf3 Kg6 41. Ke4 Kg5 42. Kxd4 Kg4 43. Ke3 Kh3 44. Kf2 Kxh2 45. Nd5 Bd7 46. Ne3 g5 47. Nf1+ Kh3 48. Ne3 Bc8 49. Kf3 Kh2 50. Kf2 h5 51. Nf1+ Kh3 52. Ne3 Ba6 53. Nf5 Bc8 54. Ne3 Bd7 55. Nd5 Bf5 56. Ne3 Be6 57. Ng2 Bd7 58. Ne3 Bc6 59. Nf5 g4 60. Ne3 Be4 61. Nf1 Bd3 62. Ne3 Kh2 63. Ng2 Ba6 64. Nf4 h4 65. gxh4 g3+ 66. Ke3 Bc8 67. Ke4 Bg4 68. Ke5 Bd1 69. Kf6 Kg1 70. h5 Bxh5 71. Nxh5 g2 72. Nf4 Kh1 73. Nxg2 Kxg2 1/2-1/2

[Event "SVK-ch GM 2018"]
[Site "Banska Stiavnica"]
[Date "2018.07.07"]
[Round "1"]
[White "Gazik, Viktor"]
[Black "Mazur, Stefan"]
[Result "1-0"]
[ECO "A25"]
[WhiteElo "2490"]
[BlackElo "2425"]
[Annotator "ChessBase"]
[PlyCount "125"]
[EventDate "2018.07.07"]
[EventType "tourn"]
[EventCountry "SVK"]
[SourceTitle "playchess.com"]
[Source "ChessBase"]
[SourceQuality "1"]
[TimeControl "40/5400+30:1800+30"]

1. c4 e5 2. g3 Nc6 3. Bg2 d6 4. Nc3 Be6 5. d3 Qd7 6. Rb1 Nf6 7. b4 Be7 8. b5 Nd8 9. Nf3 Bh3 10. O-O Bxg2 11. Kxg2 O-O 12. e4 Ne6 13. h3 Rfe8 14. Be3 Bf8 15. Nd5 Nxd5 16. cxd5 Nc5 17. a4 b6 18. Bxc5 dxc5 19. a5 Bd6 20. Rb2 g6 21. h4 Rf8 22. h5 Qg4 23. Rh1 g5 24. Nd2 Qxd1 25. Rxd1 f5 26. Nc4 g4 27. Ne3 fxe4 28. dxe4 Rf3 29. Ra1 Raf8 30. Nxg4 Rd3 31. Nh6+ Kg7 32. Nf5+ Rxf5 33. exf5 Kf6 34. axb6 axb6 35. Ra8 Rxd5 36. Rh8 Kg7 37. Rd8 Kf6 38. Rh8 Kg7 39. Rd8 Kf6 40. Rd7 h6 41. Rh7 Kg5 42. f6 Rd3 43. f7 Bf8 44. Rh8 Rd8 45. Rb3 Kf6 46. Rf3+ Ke6 47. Rg8 c4 48. Rg6+ Kd5 49. g4 e4 50. Rf5+ Kd4 51. Rc6 c3 52. g5 Kd3 53. g6 c2 54. Re5 Rd4 55. Rxc7 Rc4 56. Rxc4 Kxc4 57. Rxe4+ Kxb5 58. Re1 Ka4 59. f4 b5 60. f5 b4 61. f6 b3 62. g7 b2 63. gxf8=Q 1-0

[Event "SVK-ch GM 2018"]
[Site "Banska Stiavnica"]
[Date "2018.07.07"]
[Round "1"]
[White "Jurcik, Marian"]
[Black "Petenyi, Tamas"]
[Result "1-0"]
[ECO "B81"]
[WhiteElo "2445"]
[BlackElo "2450"]
[Annotator "ChessBase"]
[PlyCount "63"]
[EventDate "2018.07.07"]
[EventType "tourn"]
[EventCountry "SVK"]
[SourceTitle "playchess.com"]
[Source "ChessBase"]
[SourceQuality "1"]
[TimeControl "40/5400+30:1800+30"]

1. e4 c5 2. Nf3 e6 3. d4 cxd4 4. Nxd4 Nf6 5. Nc3 d6 6. g4 a6 7. g5 Nfd7 8. f4 Nc6 9. h4 Be7 10. Be3 O-O 11. Qd2 Nxd4 12. Bxd4 b5 13. O-O-O Bb7 14. a3 Rc8 15. g6 Nf6 16. gxh7+ Kh8 17. Rg1 Ne8 18. h5 Bf6 19. h6 g6 20. f5 Bxd4 21. Qxd4+ e5 22. Qe3 Qf6 23. Bh3 g5 24. Rxg5 Kxh7 25. Rdg1 d5 26. exd5 Nd6 27. Rg6 fxg6 28. fxg6+ Kh8 29. g7+ Kh7 30. Ne4 Nxe4 31. Qxe4+ Kxh6 32. Bxc8 1-0

[Event "SVK-ch GM 2018"]
[Site "Banska Stiavnica"]
[Date "2018.07.07"]
[Round "1"]
[White "Manik, Mikulas"]
[Black "Pechac, Jergus"]
[Result "1-0"]
[ECO "C67"]
[WhiteElo "2400"]
[BlackElo "2435"]
[Annotator "NA"]
[PlyCount "77"]
[EventDate "2018.07.07"]
[EventType "tourn"]
[EventCountry "SVK"]
[SourceTitle "playchess.com"]
[Source "ChessBase"]
[SourceQuality "1"]
[TimeControl "40/5400+30:1800+30"]

1. e4 e5 2. Nf3 Nc6 3. Bb5 Nf6 4. O-O Nxe4 5. Re1 Nd6 6. Nxe5 Be7 7. Bf1 Nxe5 8. Rxe5 O-O 9. d4 Bf6 10. Re1 Re8 11. Rxe8+ Nxe8 12. c3 d5 13. Bf4 Nd6 14. Nd2 c6 15. Bd3 Bf5 16. Nf1 Qd7 17. Bxd6 Bxd3 18. Qxd3 Qxd6 19. Re1 Qd7 20. Qe2 Kf8 21. Nd2 Re8 22. Qxe8+ Qxe8 23. Rxe8+ Kxe8 24. Kf1 Bg5 25. Ke2 Bxd2 26. Kxd2 Kd7 27. Ke3 Ke6 28. Kf4 Kf6 29. h4 h5 30. b4 b5 31. f3 g6 32. g3 g5+ 33. hxg5+ Kg6 34. Ke5 Kxg5 35. Kd6 f5 36. Ke5 a6 37. a3 f4 38. gxf4+ Kg6 39. f5+ 1-0

[Event "SVK-ch GM 2018"]
[Site "Banska Stiavnica"]
[Date "2018.07.07"]
[Round "1"]
[White "Zvarik, Martin"]
[Black "Nayhebaver, Martin"]
[Result "1-0"]
[ECO "A06"]
[WhiteElo "2280"]
[BlackElo "2478"]
[Annotator "ChessBase"]
[PlyCount "101"]
[EventDate "2018.07.07"]
[EventType "tourn"]
[EventCountry "SVK"]
[SourceTitle "playchess.com"]
[Source "ChessBase"]
[SourceQuality "1"]
[TimeControl "40/5400+30:1800+30"]

1. g3 d5 2. Nf3 c6 3. b3 Bg4 4. Bg2 Nd7 5. Bb2 Ngf6 6. O-O e6 7. d3 Bd6 8. Qe1 O-O 9. e4 e5 10. exd5 Bxf3 11. Bxf3 cxd5 12. Nd2 Re8 13. Rd1 Rc8 14. c4 Bb4 15. cxd5 Rc2 16. a3 Bc3 17. Bxc3 Rxc3 18. Qe3 Nb6 19. Rfe1 Nfxd5 20. Bxd5 Qxd5 21. Ne4 Rxb3 22. Qg5 Re6 23. Qf5 h6 24. g4 Nd7 25. g5 g6 26. Qf3 hxg5 27. Qh3 Nf6 28. Rc1 Qd8 29. Nxf6+ Kg7 30. Ne4 Rxd3 31. Qg2 Rxa3 32. Nc5 Re7 33. Qxg5 Qd6 34. Ne4 Qe6 35. Rcd1 f6 36. Qc1 Qg4+ 37. Ng3 Ra2 38. Qc5 Rf7 39. Kg2 b6 40. Qd5 Rb2 41. Re4 Qc8 42. Rd3 Re7 43. Rf3 Qe6 44. Qa8 Rb3 45. Rxb3 Qxb3 46. Rg4 Rd7 47. Qe8 Qd5+ 48. Kh3 Qd3 49. f3 Rc7 50. Nh5+ Kh6 51. Qf8+ 1-0

[Event "SVK-ch GM 2018"]
[Site "Banska Stiavnica"]
[Date "2018.07.08"]
[Round "2"]
[White "Gazik, Viktor"]
[Black "Jurcik, Marian"]
[Result "1/2-1/2"]
[ECO "B23"]
[WhiteElo "2490"]
[BlackElo "2445"]
[Annotator "ChessBase"]
[PlyCount "92"]
[EventDate "2018.07.07"]
[EventType "tourn"]
[EventCountry "SVK"]
[SourceTitle "playchess.com"]
[Source "ChessBase"]
[SourceQuality "1"]
[TimeControl "40/5400+30:1800+30"]

1. e4 c5 2. Nc3 e6 3. Nge2 Nc6 4. g3 a6 5. a4 d5 6. exd5 exd5 7. Bg2 d4 8. Nd5 Bd6 9. O-O Nge7 10. Nef4 Nxd5 11. Nxd5 O-O 12. d3 Re8 13. Bd2 a5 14. Re1 Rxe1+ 15. Qxe1 Bf5 16. Qd1 Rb8 17. Qf3 Be6 18. Re1 Nb4 19. Bxb4 axb4 20. Qe4 Qg5 21. Nb6 Qd2 22. Qe2 Qxe2 23. Rxe2 b3 24. cxb3 Bxb3 25. a5 Be6 26. f4 g6 27. Kf2 Kg7 28. Re1 h5 29. Be4 Kf6 30. Bd5 Bf5 31. Be4 Be6 32. Bf3 Kg7 33. Kg2 Bf5 34. Nc4 Bf8 35. Be4 Be6 36. Nb6 Bd6 37. Rf1 Bc7 38. Rc1 Bd6 39. Rf1 Bc7 40. Na4 Bxa5 41. Nxc5 Bc8 42. f5 Bd8 43. fxg6 fxg6 44. Bd5 Bf6 45. Ne4 Bf5 46. Rc1 Be5 1/2-1/2

[Event "SVK-ch GM 2018"]
[Site "Banska Stiavnica"]
[Date "2018.07.08"]
[Round "2"]
[White "Petenyi, Tamas"]
[Black "Repka, Christopher"]
[Result "0-1"]
[ECO "A01"]
[WhiteElo "2450"]
[BlackElo "2519"]
[Annotator "ChessBase"]
[PlyCount "62"]
[EventDate "2018.07.07"]
[EventType "tourn"]
[EventCountry "SVK"]
[SourceTitle "playchess.com"]
[Source "ChessBase"]
[SourceQuality "1"]
[TimeControl "40/5400+30:1800+30"]

1. b3 d5 2. Bb2 Bf5 3. e3 e6 4. f4 Nf6 5. Nf3 Be7 6. Nc3 c5 7. Bb5+ Nbd7 8. Qe2 a6 9. Bxd7+ Qxd7 10. Ne5 Qc7 11. g4 Bg6 12. g5 Nd7 13. Nxg6 hxg6 14. O-O-O b5 15. Qg2 c4 16. Kb1 Rc8 17. Rc1 Qa5 18. Ne2 Ba3 19. Bxa3 Qxa3 20. f5 gxf5 21. g6 f6 22. Nf4 b4 23. bxc4 dxc4 24. Qb7 Ke7 25. Ka1 Rc5 26. Rb1 Rb8 27. Qa7 Ra5 28. Rb2 c3 29. Rhb1 cxb2+ 30. Rxb2 b3 31. cxb3 Rxb3 0-1

[Event "SVK-ch GM 2018"]
[Site "Banska Stiavnica"]
[Date "2018.07.08"]
[Round "2"]
[White "Pechac, Jergus"]
[Black "Zvarik, Martin"]
[Result "0-1"]
[ECO "A45"]
[WhiteElo "2435"]
[BlackElo "2280"]
[Annotator "NA RC"]
[PlyCount "40"]
[EventDate "2018.07.07"]
[EventType "tourn"]
[EventCountry "SVK"]
[SourceTitle "playchess.com"]
[Source "ChessBase"]
[SourceQuality "1"]
[TimeControl "40/5400+30:1800+30"]

1. d4 Nf6 2. Nc3 d5 3. Bf4 c6 4. Qd3 g6 5. f3 Bg7 6. e4 Be6 7. O-O-O b5 8. Kb1 a5 9. Nge2 Na6 10. Be5 dxe4 $1 11. fxe4 Bc4 12. Qf3 b4 13. Bxf6 exf6 14. Na4 Bb5 15. Qb3 $1 O-O $15 16. Ng3 Ra7 17. d5 f5 18. exf5 Bxa4 19. Qxa4 Qf6 20. c3 bxc3 0-1

[Event "SVK-ch GM 2018"]
[Site "Banska Stiavnica"]
[Date "2018.07.08"]
[Round "2"]
[White "Mazur, Stefan"]
[Black "Nayhebaver, Martin"]
[Result "0-1"]
[ECO "B96"]
[WhiteElo "2425"]
[BlackElo "2478"]
[Annotator "ChessBase"]
[PlyCount "64"]
[EventDate "2018.07.07"]
[EventType "tourn"]
[EventCountry "SVK"]
[SourceTitle "playchess.com"]
[Source "ChessBase"]
[SourceQuality "1"]
[TimeControl "40/5400+30:1800+30"]

1. e4 c5 2. Nf3 d6 3. d4 cxd4 4. Nxd4 Nf6 5. Nc3 a6 6. Bg5 e6 7. f4 h6 8. Bh4 Qb6 9. Qd2 Qxb2 10. Rb1 Qa3 11. e5 dxe5 12. fxe5 Nfd7 13. Ne4 Qxa2 14. Rd1 Qd5 15. Qe3 Qxe5 16. Be2 Bc5 17. c3 O-O 18. g4 Nc6 19. Rg1 f5 20. gxf5 Nxd4 21. Rxd4 Bxd4 22. cxd4 Qxf5 23. Bd3 Qf4 24. Qxf4 Rxf4 25. Bg3 Rf8 26. Bc4 Nb6 27. Be5 Rf7 28. Bb3 Nd7 29. Bg3 Nf6 30. Nxf6+ gxf6 31. d5 Kh8 32. dxe6 Bxe6 0-1

[Event "SVK-ch GM 2018"]
[Site "Banska Stiavnica"]
[Date "2018.07.09"]
[Round "3"]
[White "Repka, Christopher"]
[Black "Gazik, Viktor"]
[Result "1-0"]
[ECO "A49"]
[WhiteElo "2519"]
[BlackElo "2490"]
[Annotator "ChessBase"]
[PlyCount "77"]
[EventDate "2018.07.07"]
[EventType "tourn"]
[EventCountry "SVK"]
[SourceTitle "playchess.com"]
[Source "ChessBase"]
[SourceQuality "1"]
[TimeControl "40/5400+30:1800+30"]

1. Nf3 Nf6 2. d4 g6 3. g3 Bg7 4. Bg2 O-O 5. O-O d6 6. c4 c5 7. dxc5 dxc5 8. Qxd8 Rxd8 9. Ne5 Ne8 10. Nd3 Na6 11. Nc3 Bxc3 12. bxc3 Nd6 13. Bg5 f6 14. Bd5+ Kg7 15. Be3 e6 16. Bg2 Nf5 17. Bc1 Rb8 18. Rd1 Nd6 19. Bf4 g5 20. Bxd6 Rxd6 21. f4 Bd7 22. Nb4 Rxd1+ 23. Rxd1 Ba4 24. Nxa6 bxa6 25. Rd2 gxf4 26. gxf4 f5 27. Kf2 Kf6 28. Rd3 Rb2 29. Rd6 Rb6 30. Rd8 Rb2 31. Rf8+ Kg6 32. Rc8 Rxa2 33. Rxc5 Rc2 34. Ra5 Bb3 35. c5 Bc4 36. c6 Rxe2+ 37. Kg3 Re3+ 38. Kh4 Bb5 39. c4 1-0

[Event "SVK-ch GM 2018"]
[Site "Banska Stiavnica"]
[Date "2018.07.09"]
[Round "3"]
[White "Nayhebaver, Martin"]
[Black "Pechac, Jergus"]
[Result "0-1"]
[ECO "B06"]
[WhiteElo "2478"]
[BlackElo "2435"]
[Annotator "ChessBase"]
[PlyCount "84"]
[EventDate "2018.07.07"]
[EventType "tourn"]
[EventCountry "SVK"]
[SourceTitle "playchess.com"]
[Source "ChessBase"]
[SourceQuality "1"]
[TimeControl "40/5400+30:1800+30"]

1. e4 g6 2. d4 Bg7 3. Nf3 d6 4. Bc4 Nf6 5. e5 dxe5 6. Nxe5 O-O 7. O-O Nbd7 8. Nf3 c5 9. dxc5 Nxc5 10. Qe2 a6 11. a4 Qc7 12. Nc3 Rd8 13. Re1 e6 14. Bg5 b6 15. Ne5 h6 16. Bh4 Rd4 17. Nf3 Rd8 18. b4 Ncd7 19. Ne4 Bb7 20. Bg3 Qc6 21. Nxf6+ Nxf6 22. Be5 Qe4 23. Qxe4 Nxe4 24. Bd3 Nc3 25. Ra3 Rac8 26. Bxg7 Kxg7 27. Ne5 Rd4 28. b5 a5 29. Nc6 Bxc6 30. Rxc3 Bb7 31. Ra3 Kf6 32. f3 Rh4 33. h3 h5 34. Kf2 g5 35. Rd1 Rb4 36. Ke3 Ke5 37. Rd2 g4 38. g3 gxf3 39. c3 h4 40. cxb4 hxg3 41. Rc2 Rxc2 42. Bxc2 f5 {[%emt 0:00:13] Kd4+} 0-1

[Event "SVK-ch GM 2018"]
[Site "Banska Stiavnica"]
[Date "2018.07.09"]
[Round "3"]
[White "Manik, Mikulas"]
[Black "Petenyi, Tamas"]
[Result "1-0"]
[ECO "B06"]
[WhiteElo "2400"]
[BlackElo "2450"]
[Annotator "ChessBase"]
[PlyCount "75"]
[EventDate "2018.07.07"]
[EventType "tourn"]
[EventCountry "SVK"]
[SourceTitle "playchess.com"]
[Source "ChessBase"]
[SourceQuality "1"]
[TimeControl "40/5400+30:1800+30"]

1. e4 g6 2. d4 Bg7 3. Nc3 d6 4. Be3 Nc6 5. Qd2 e5 6. Nge2 exd4 7. Nxd4 Nf6 8. f3 O-O 9. O-O-O Nxd4 10. Bxd4 Be6 11. Be3 Re8 12. Bg5 Qb8 13. g4 Nd7 14. Bh6 Bh8 15. h4 Ne5 16. Be2 b5 17. h5 b4 18. Na4 Qb7 19. b3 a5 20. Kb1 Qc6 21. Be3 Rad8 22. Bd4 Bg7 23. hxg6 fxg6 24. f4 Qxe4 25. fxe5 dxe5 26. Nc5 Qc6 27. Nxe6 Rxe6 28. Bc4 Rxd4 29. Qh2 Rxc4 30. Qxh7+ Kf7 31. bxc4 Rf6 32. g5 Rf2 33. Rd8 Ke6 34. Qxg6+ Rf6 35. gxf6 Qxh1+ 36. Kb2 Bh6 37. f7+ Ke7 38. Re8+ 1-0

[Event "SVK-ch GM 2018"]
[Site "Banska Stiavnica"]
[Date "2018.07.09"]
[Round "3"]
[White "Zvarik, Martin"]
[Black "Petrik, Tomas"]
[Result "1/2-1/2"]
[ECO "A06"]
[WhiteElo "2280"]
[BlackElo "2470"]
[Annotator "ChessBase"]
[PlyCount "77"]
[EventDate "2018.07.07"]
[EventType "tourn"]
[EventCountry "SVK"]
[SourceTitle "playchess.com"]
[Source "ChessBase"]
[SourceQuality "1"]
[TimeControl "40/5400+30:1800+30"]

1. g3 d5 2. Nf3 c6 3. Bg2 Bg4 4. O-O Nd7 5. h3 Bxf3 6. Bxf3 Ngf6 7. d3 e5 8. e4 dxe4 9. dxe4 Bc5 10. Qe2 O-O 11. a4 a5 12. Nd2 Qe7 13. Nc4 Nb6 14. Ne3 Qe6 15. Kg2 Rfd8 16. Bd2 Rd4 17. Qe1 Rxa4 18. Rxa4 Nxa4 19. b3 Nb6 20. Bxa5 Nc8 21. Bb4 Bb6 22. Qd2 Na7 23. Nf5 g6 24. Qg5 Kh8 25. Rd1 Nb5 26. Nd6 Bc7 27. Nxb7 Kg7 28. Nc5 Qe8 29. Rd2 Bd6 30. Nd3 Bxb4 31. Nxb4 Nd4 32. Nd3 Ra5 33. b4 h6 34. Qe3 Ra3 35. Bd1 Nb5 36. Qe1 Ra1 37. Qe3 Ra3 38. Qe1 Ra1 39. Qe3 1/2-1/2

[Event "SVK-ch GM 2018"]
[Site "Banska Stiavnica"]
[Date "2018.07.10"]
[Round "4"]
[White "Gazik, Viktor"]
[Black "Manik, Mikulas"]
[Result "0-1"]
[ECO "B23"]
[WhiteElo "2490"]
[BlackElo "2400"]
[Annotator "ChessBase"]
[PlyCount "58"]
[EventDate "2018.07.07"]
[EventType "tourn"]
[EventCountry "SVK"]
[SourceTitle "playchess.com"]
[Source "ChessBase"]
[SourceQuality "1"]
[TimeControl "40/5400+30:1800+30"]

1. e4 c5 2. Nc3 a6 3. f4 Nc6 4. Nf3 e6 5. d3 d5 6. g3 dxe4 7. dxe4 Qxd1+ 8. Nxd1 Nf6 9. e5 Nd5 10. c4 Nde7 11. Ne3 Nf5 12. Bd3 Be7 13. Kf2 Nxe3 14. Bxe3 Bd7 15. Rad1 O-O-O 16. h4 h6 17. g4 b6 18. h5 f6 19. exf6 Bxf6 20. b3 e5 21. f5 Nb4 22. Bb1 Bc6 23. a3 e4 24. axb4 exf3 25. Bc2 Rhe8 26. bxc5 bxc5 27. Rxd8+ Rxd8 28. Kg3 Re8 29. Re1 Bc3 0-1

[Event "SVK-ch GM 2018"]
[Site "Banska Stiavnica"]
[Date "2018.07.10"]
[Round "4"]
[White "Petrik, Tomas"]
[Black "Nayhebaver, Martin"]
[Result "1/2-1/2"]
[ECO "A05"]
[WhiteElo "2470"]
[BlackElo "2478"]
[Annotator "ChessBase"]
[PlyCount "81"]
[EventDate "2018.07.07"]
[EventType "tourn"]
[EventCountry "SVK"]
[SourceTitle "playchess.com"]
[Source "ChessBase"]
[SourceQuality "1"]
[TimeControl "40/5400+30:1800+30"]

1. Nf3 Nf6 2. c4 e6 3. g3 b6 4. Bg2 Bb7 5. O-O Be7 6. d4 O-O 7. Re1 d5 8. cxd5 exd5 9. Nc3 Na6 10. Bf4 Re8 11. Rc1 h6 12. Ne5 c5 13. dxc5 Nxc5 14. Nd3 Qd7 15. Be5 d4 16. Bxb7 Nxb7 17. Nb1 Ne4 18. Nd2 Nxd2 19. Qxd2 Na5 20. Qd1 Rac8 21. Bf4 Rxc1 22. Bxc1 Qd5 23. Qa4 Rc8 24. Bd2 Bg5 25. Rc1 Rxc1+ 26. Bxc1 Bxc1 27. Nxc1 Qe4 28. Nd3 Qxe2 29. Qxd4 Nc6 30. Qd7 Qe4 31. Nf4 Ne5 32. Qd5 Qb1+ 33. Kg2 Qxb2 34. Qa8+ Kh7 35. Qxa7 g5 36. Nd3 Nxd3 37. Qxf7+ Qg7 38. Qf5+ Qg6 39. Qd7+ Kg8 40. Qd8+ Kf7 41. Qd7+ 1/2-1/2

[Event "SVK-ch GM 2018"]
[Site "Banska Stiavnica"]
[Date "2018.07.10"]
[Round "4"]
[White "Petenyi, Tamas"]
[Black "Zvarik, Martin"]
[Result "1-0"]
[ECO "C77"]
[WhiteElo "2450"]
[BlackElo "2280"]
[Annotator "ChessBase"]
[PlyCount "123"]
[EventDate "2018.07.07"]
[EventType "tourn"]
[EventCountry "SVK"]
[SourceTitle "playchess.com"]
[Source "ChessBase"]
[SourceQuality "1"]
[TimeControl "40/5400+30:1800+30"]

1. e4 e5 2. Nf3 Nc6 3. Bb5 a6 4. Ba4 Nf6 5. Nc3 Bc5 6. O-O b5 7. Bb3 d6 8. d3 Be6 9. Ne2 Bb6 10. Ng3 Nd4 11. Nxd4 Bxd4 12. c3 Bb6 13. h3 O-O 14. Qf3 Qd7 15. Bg5 Ne8 16. Nf5 Kh8 17. d4 f6 18. Be3 g6 19. Ng3 Ng7 20. d5 Bg8 21. Bxb6 cxb6 22. Qe3 f5 23. exf5 gxf5 24. f4 Qc7 25. Rad1 e4 26. Kh2 Qc5 27. Rd4 Rf6 28. Rf2 Bf7 29. Nf1 Rg8 30. a4 Be8 31. axb5 Bxb5 32. c4 Bd7 33. Qc3 Ne8 34. Bd1 a5 35. Ne3 Rg7 36. Bh5 Kg8 37. Bxe8 Bxe8 38. g4 fxg4 39. Nxg4 Rf8 40. Rg2 h5 41. Ne3 Rxg2+ 42. Nxg2 Bg6 43. Qe3 Kg7 44. Qg1 Rf6 45. Nh4 Kf7 46. Qe3 Bh7 47. b3 Qa3 48. Rd1 a4 49. Qxb6 Qb2+ 50. Kh1 Qxb3 51. Qc7+ Kf8 52. Qd8+ Kf7 53. Qd7+ Kf8 54. Rg1 Qe3 55. c5 Rf5 56. Qc8+ Kf7 57. Qe6+ Kf8 58. Qxd6+ Kf7 59. Qd7+ Kf8 60. Qg7+ Ke8 61. Qh8+ Rf8 62. Qe5+ 1-0

[Event "SVK-ch GM 2018"]
[Site "Banska Stiavnica"]
[Date "2018.07.10"]
[Round "4"]
[White "Jurcik, Marian"]
[Black "Repka, Christopher"]
[Result "1/2-1/2"]
[ECO "C11"]
[WhiteElo "2445"]
[BlackElo "2519"]
[Annotator "ChessBase"]
[PlyCount "28"]
[EventDate "2018.07.07"]
[EventType "tourn"]
[EventCountry "SVK"]
[SourceTitle "playchess.com"]
[Source "ChessBase"]
[SourceQuality "1"]
[TimeControl "40/5400+30:1800+30"]

1. e4 e6 2. d4 d5 3. Nc3 Nf6 4. e5 Nfd7 5. f4 c5 6. Nf3 Nc6 7. Be3 cxd4 8. Nxd4 Bc5 9. a3 O-O 10. Be2 Qb6 11. Na4 Qa5+ 12. Nc3 Qb6 13. Na4 Qa5+ 14. Nc3 Qb6 1/2-1/2

[Event "SVK-ch GM 2018"]
[Site "Banska Stiavnica"]
[Date "2018.07.11"]
[Round "5"]
[White "Nayhebaver, Martin"]
[Black "Petenyi, Tamas"]
[Result "1/2-1/2"]
[ECO "B11"]
[WhiteElo "2478"]
[BlackElo "2450"]
[Annotator "ChessBase"]
[PlyCount "68"]
[EventDate "2018.07.07"]
[EventType "tourn"]
[EventCountry "SVK"]
[SourceTitle "playchess.com"]
[Source "ChessBase"]
[SourceQuality "1"]
[TimeControl "40/5400+30:1800+30"]

1. e4 c6 2. Nc3 d5 3. Nf3 Bg4 4. d4 e6 5. h3 Bh5 6. g4 Bg6 7. exd5 exd5 8. Qe2+ Qe7 9. Be3 Nd7 10. O-O-O O-O-O 11. Ne5 Nb6 12. a3 f6 13. Nxg6 hxg6 14. Qd2 Qf7 15. Bd3 Bd6 16. Ne2 Ne7 17. h4 Nc4 18. Bxc4 dxc4 19. Qa5 a6 20. Qa4 Qe6 21. Rdg1 Rde8 22. c3 Nd5 23. Qxc4 Nxe3 24. Qxe6+ Rxe6 25. fxe3 Rxe3 26. Kd2 Rhe8 27. Rg2 Rf3 28. h5 g5 29. h6 gxh6 30. Rxh6 Re7 31. Ng1 Rf1 32. Nh3 Kc7 33. Re2 Rxe2+ 34. Kxe2 Rb1 1/2-1/2

[Event "SVK-ch GM 2018"]
[Site "Banska Stiavnica"]
[Date "2018.07.11"]
[Round "5"]
[White "Pechac, Jergus"]
[Black "Petrik, Tomas"]
[Result "0-1"]
[ECO "A06"]
[WhiteElo "2435"]
[BlackElo "2470"]
[Annotator "ChessBase"]
[PlyCount "68"]
[EventDate "2018.07.07"]
[EventType "tourn"]
[EventCountry "SVK"]
[SourceTitle "playchess.com"]
[Source "ChessBase"]
[SourceQuality "1"]
[TimeControl "40/5400+30:1800+30"]

1. g3 d5 2. Nf3 c6 3. c4 Bg4 4. Bg2 e6 5. cxd5 Bxf3 6. Bxf3 cxd5 7. O-O Nc6 8. d3 Nf6 9. e4 dxe4 10. dxe4 Bd6 11. Nd2 Ne5 12. Qa4+ Nfd7 13. Be2 O-O 14. Nb3 Nc5 15. Nxc5 Bxc5 16. Kg2 Qb6 17. b4 Bd4 18. Rb1 Rac8 19. b5 Nd7 20. Ba3 Rfd8 21. Be7 Re8 22. Ba3 Red8 23. Be7 Re8 24. Ba3 e5 25. Bg4 Nc5 26. Qc4 Rc7 27. Qd5 Qg6 28. Bf5 Qf6 29. f4 Rd8 30. b6 axb6 31. Rxb6 Rxd5 32. Rxf6 Rd8 33. Rb6 g6 34. Bg4 Nxe4 0-1

[Event "SVK-ch GM 2018"]
[Site "Banska Stiavnica"]
[Date "2018.07.11"]
[Round "5"]
[White "Manik, Mikulas"]
[Black "Jurcik, Marian"]
[Result "1/2-1/2"]
[ECO "C67"]
[WhiteElo "2400"]
[BlackElo "2445"]
[Annotator "NA RC"]
[PlyCount "61"]
[EventDate "2018.07.07"]
[EventType "tourn"]
[EventCountry "SVK"]
[SourceTitle "playchess.com"]
[Source "ChessBase"]
[SourceQuality "1"]
[TimeControl "40/5400+30:1800+30"]

1. e4 e5 2. Nf3 Nc6 3. Bb5 Nf6 4. O-O Nxe4 5. Re1 Nd6 6. Nxe5 Be7 7. Bf1 Nf5 8. c3 Nxe5 9. Rxe5 d6 10. Re1 c5 11. d4 cxd4 {[%emt 0:01:46] LiveBook: 4 Partien} 12. Bg5 $11 dxc3 13. Bb5+ Bd7 14. Nxc3 O-O 15. Bxe7 Nxe7 16. Qxd6 Bxb5 17. Nxb5 Nc6 18. Qxd8 Raxd8 19. Rad1 a6 20. Nc3 Rxd1 21. Rxd1 Rd8 22. Rxd8+ Nxd8 23. f4 f5 24. Kf2 Kf7 25. Ke3 Ke6 26. b4 Nc6 27. a3 b5 28. g3 Kd6 29. Kd3 g6 30. Ke3 Ne7 31. Kd4 1/2-1/2

[Event "SVK-ch GM 2018"]
[Site "Banska Stiavnica"]
[Date "2018.07.12"]
[Round "6"]
[White "Gazik, Viktor"]
[Black "Nayhebaver, Martin"]
[Result "1-0"]
[ECO "A15"]
[WhiteElo "2490"]
[BlackElo "2478"]
[Annotator "RC"]
[PlyCount "85"]
[EventDate "2018.07.07"]
[EventType "tourn"]
[EventCountry "SVK"]
[SourceTitle "playchess.com"]
[Source "ChessBase"]
[SourceQuality "1"]
[TimeControl "40/5400+30:1800+30"]

1. c4 Nf6 2. g3 e6 3. Nf3 b6 4. Bg2 Bb7 5. O-O c5 6. b3 Be7 7. Bb2 O-O 8. d3 d5 9. e3 Nc6 10. Qe2 Qc7 11. Nc3 Rad8 12. Rfd1 Rfe8 13. Rac1 Qb8 14. Nh4 d4 15. Nb1 dxe3 16. fxe3 Nb4 17. Nc3 Bxg2 18. Nxg2 Rd7 19. Rd2 Red8 20. Rcd1 Qb7 21. g4 h6 22. h4 Nh7 23. a3 Nc6 24. Ne4 Qc7 25. d4 f5 26. gxf5 exf5 27. Nc3 Qg3 28. dxc5 Rxd2 29. Rxd2 bxc5 30. Rxd8+ Bxd8 31. Qd2 Nf6 32. Ne2 Qf3 33. Nef4 Kh7 34. Qd6 Qe4 35. Bc3 Be7 36. Qc7 Ng4 37. Nd5 Qb1+ 38. Ne1 Nce5 39. Qxe7 Nf3+ 40. Kf1 Ngh2+ 41. Kf2 Qa2+ 42. Kg3 Nf1+ 43. Kf4 1-0

[Event "SVK-ch GM 2018"]
[Site "Banska Stiavnica"]
[Date "2018.07.12"]
[Round "6"]
[White "Petenyi, Tamas"]
[Black "Pechac, Jergus"]
[Result "1-0"]
[ECO "B20"]
[WhiteElo "2450"]
[BlackElo "2435"]
[Annotator "RC"]
[PlyCount "37"]
[EventDate "2018.07.07"]
[EventType "tourn"]
[EventCountry "SVK"]
[SourceTitle "playchess.com"]
[Source "ChessBase"]
[SourceQuality "1"]
[TimeControl "40/5400+30:1800+30"]

1. e4 c5 2. b3 b6 3. Bb2 Bb7 4. Nc3 d6 5. d4 Nd7 6. Nf3 Ngf6 7. dxc5 bxc5 8. Bb5 Nxe4 9. Nxe4 Bxe4 10. O-O Rb8 11. Ba4 Qc7 12. Ne5 Bf5 13. Qf3 f6 14. Qxf5 fxe5 15. Bxe5 Kd8 16. Rfe1 Nxe5 17. Rxe5 g6 18. Qf6 exf6 19. Re8# 1-0